Cape Breton Oilers vs Abbotsford Heat
Created - Saturday, March 16, 2024 at 09:36
Goals
|
| Cape Breton Oilers |
0 |
3 |
3 |
6 |
| Abbotsford Heat |
1 |
1 |
1 |
3 |
|
Shots
|
| Cape Breton Oilers |
7 |
16 |
16 |
39 |
| Abbotsford Heat |
8 |
15 |
8 |
31 |
|
1st period
1. Abbotsford Heat , Lane Pederson 5 (Jack Thompson 6, Wyatt Newpower 3) at 12:26
Penalties :
Lucas Condotta (ABH) for Hooking (Minor) at 12:43
2nd period
2. Abbotsford Heat , Ben Meyers 6 (Lane Pederson 12, Daniil Gushchin 4) at 3:02
3. Cape Breton Oilers , Parker Kelly 13 (Max Jones 17, Kevin Bahl 10) at 4:10
4. Cape Breton Oilers , Philip Broberg 5 (Max Jones 18) at 11:05
5. Cape Breton Oilers , Brett Seney 8 (Philip Broberg 20) at 12:48
Penalties :
Sam Carrick (CBO) for Hooking (Minor) at 19:59
3rd period
6. Cape Breton Oilers , Will Cuylle 12 (Dylan McIlrath 7, Leon Gawanke 15) at 2:52
7. Cape Breton Oilers , Hudson Fasching 17 (Brett Seney 30) at 3:00 (PP)
8. Cape Breton Oilers , Luke Evangelista 16 (Noel Acciari 19) at 10:08
9. Abbotsford Heat , Oskar Lindblom 19 (Bobby Brink 21, Daniil Miromanov 16) at 19:55 (PP)
Penalties :
Vincent Desharnais (ABH) for Roughing (Minor) at 2:59, Sam Carrick (CBO) for Hooking (Minor) at 12:02, Sam Carrick (CBO) for Roughing (Minor) at 19:05
Goalie Stats
Jack Campbell (CBO), 28 saves from 31 shots - (0.903), W, 15-7-2, 60:00 minutes
Unknown Goalie (ABH), 33 saves from 39 shots - (0.846), L, 0-1-0, 60:00 minutes
Players Stats for Cape Breton Oilers
Player Name G A P +/- PIM S H SB GA TA FO MP PP MP PK MP
------------------------------------------------------------------------------------
Alexey Toropchenko 0 0 0 -1 0 0 2 0 0 0 1/2 17:50 1:10 2:07
Brett Seney 1 1 2 1 0 5 1 0 0 0 10/15 16:44 0:48 2:07
Carl Grundstrom 0 0 0 1 0 0 0 0 0 1 0/1 14:37 0:48 0:00
Dylan McIlrath 0 1 1 0 0 2 1 1 0 1 0/0 19:36 0:56 1:55
Hudson Fasching 1 0 1 1 0 1 1 0 1 1 0/0 14:37 0:48 0:00
Jonah Gadjovich 0 0 0 0 0 3 4 1 1 1 0/0 11:12 0:00 0:00
Kevin Bahl 0 1 1 4 0 2 1 1 1 0 0/0 25:06 1:04 2:53
Leon Gawanke 0 1 1 0 0 1 1 1 2 0 0/0 19:36 0:56 1:55
Luke Evangelista 1 0 1 -1 0 6 1 0 2 0 0/5 18:15 1:12 2:26
Matt Luff 0 0 0 0 0 4 0 0 1 1 0/0 11:12 0:00 0:00
Max Jones 0 2 2 3 0 3 0 0 1 0 0/0 13:49 0:00 0:15
Noel Acciari 0 1 1 -1 0 2 1 0 0 0 11/16 18:09 1:10 2:26
Parker Kelly 1 0 1 2 0 2 3 0 0 1 4/5 12:46 0:02 0:00
Philip Broberg 1 1 2 4 0 4 0 1 1 1 0/0 25:06 1:04 2:53
Sam Carrick 0 0 0 1 6 3 1 0 0 0 2/5 12:03 0:00 0:00
Vladislav Kolyachonok 0 0 0 -1 0 0 0 1 0 0 0/0 15:18 0:00 0:00
Will Cuylle 1 0 1 3 0 1 1 0 0 1 0/0 13:55 0:02 0:15
William Trudeau 0 0 0 -1 0 0 3 3 0 2 0/0 15:18 0:00 0:00
Players Stats for Abbotsford Heat
Player Name G A P +/- PIM S H SB GA TA FO MP PP MP PK MP
------------------------------------------------------------------------------------
Alex Limoges 0 0 0 -1 0 0 1 1 1 0 9/16 18:36 2:02 1:06
Ben Meyers 1 0 1 -1 0 3 3 0 0 0 1/5 18:34 0:00 0:00
Benoit-Olivier Groulx 0 0 0 -1 0 3 1 1 1 1 6/11 18:51 2:37 0:00
Bobby Brink 0 1 1 -1 0 7 3 0 0 1 1/1 18:51 2:37 0:00
Chaz Lucius 0 0 0 0 0 0 1 0 0 0 0/0 2:11 0:09 0:00
Daniil Gushchin 0 1 1 1 0 1 0 0 0 1 0/1 13:52 0:00 0:00
Daniil Miromanov 0 1 1 -3 0 0 1 1 0 0 0/0 26:16 2:52 1:17
Denis Malgin 0 0 0 -1 0 5 0 0 3 0 0/0 18:25 2:02 0:54
Garnet Hathaway 0 0 0 -3 0 4 3 3 1 0 1/3 22:47 2:02 0:54
Jack Thompson 0 1 1 -1 0 1 0 1 0 1 0/0 14:11 0:00 0:00
Lane Pederson 1 1 2 1 0 3 2 1 0 1 2/8 14:01 0:09 0:00
Lucas Condotta 0 0 0 -2 2 0 0 0 0 0 1/3 7:37 0:00 0:00
Oskar Lindblom 1 0 1 -1 0 3 2 0 2 1 0/1 19:48 2:37 1:06
Ryan Merkley 0 0 0 1 0 0 1 0 0 1 0/0 19:33 1:56 0:43
Vincent Desharnais 0 0 0 -3 2 0 1 4 1 3 0/0 26:15 2:52 1:17
Vincent Iorio 0 0 0 1 0 1 0 0 1 0 0/0 19:33 1:56 0:43
Wyatt Newpower 0 1 1 -1 0 0 3 1 0 0 0/0 14:11 0:00 0:00
Xavier Simoneau 0 0 0 0 0 0 1 0 0 0 0/0 4:26 0:09 0:00
3 Stars
1 - Philip Broberg (CBO)
2 - Parker Kelly (CBO)
3 - Will Cuylle (CBO)
Power Play
Cape Breton Oilers - 1 on 2 Attempt(s) - 50.00%
Abbotsford Heat - 1 on 3 Attempt(s) - 33.33%
Penalty Kill
Cape Breton Oilers - 2 on 3 Attempt(s) - 66.67%
- Score 0 goal in Penalty Kill
Abbotsford Heat - 1 on 2 Attempt(s) - 50.00%
- Score 0 goal in Penalty Kill
Team Stat
Cape Breton Oilers - Hits : 21 - Faceoff Wins : 28 - Blocked Shots : 9 - Penalty Minutes : 6
Abbotsford Heat - Hits : 23 - Faceoff Wins : 21 - Blocked Shots : 13 - Penalty Minutes : 4
Official
Referees : Dennis LaRue and Jean Hebert
Linesman : Jonny Murray and Scott Driscoll
Game Notes
No Game Note
Cape Breton Oilers
5 vs 5 Forward
Center Left Wing Right Wing Time % Phy DF OF
1 Noel Acciari Alexey Toropchenko Luke Evangelista 30 1 2 2
2 Brett Seney Carl Grundstrom Hudson Fasching 30 1 2 2
3 Parker Kelly Will Cuylle Max Jones 25 1 2 2
4 Sam Carrick Jonah Gadjovich Matt Luff 15 1 2 2
5 vs 5 Defense
Defense Defense Time % Phy DF OF
1 Kevin Bahl Philip Broberg 30 1 2 2
2 Dylan McIlrath Leon Gawanke 30 1 2 2
3 Vladislav Kolyachonok William Trudeau 25 1 2 2
4 Kevin Bahl Philip Broberg 15 1 2 2
PowerPlay Forward
Center Left Wing Right Wing Time % Phy DF OF
1 Noel Acciari Alexey Toropchenko Luke Evangelista 50 1 2 2
2 Brett Seney Carl Grundstrom Hudson Fasching 50 1 2 2
PowerPlay Defense
Defense Defense Time % Phy DF OF
1 Kevin Bahl Philip Broberg 50 1 2 2
2 Dylan McIlrath Leon Gawanke 50 1 2 2
Penalty Kill 4 Players Forward
Center Wing Time % Phy DF OF
1 Luke Evangelista Noel Acciari 50 1 2 2
2 Alexey Toropchenko Brett Seney 50 1 2 2
Penalty Kill 4 Players Defense
Defense Defense Time % Phy DF OF
1 Kevin Bahl Philip Broberg 50 1 2 2
2 Dylan McIlrath Leon Gawanke 50 1 2 2
Penalty Kill - 3 Players Forward
Forward Time % Phy DF OF
1 Luke Evangelista 50 1 2 2
2 Noel Acciari 50 1 2 2
Penalty Kill - 3 Players Defense
Defense Defense Time % Phy DF OF
1 Kevin Bahl Philip Broberg 50 1 2 2
2 Dylan McIlrath Leon Gawanke 50 1 2 2
4 vs 4 Forward
Center Wing Time % Phy DF OF
1 Luke Evangelista Noel Acciari 50 1 2 2
2 Alexey Toropchenko Brett Seney 50 1 2 2
4 vs 4 Defense
Defense Defense Time % Phy DF OF
1 Kevin Bahl Philip Broberg 50 1 2 2
2 Dylan McIlrath Leon Gawanke 50 1 2 2
Last Minutes Offensive
Center Left Wing Right Wing Defense Defense
Noel Acciari Alexey Toropchenko Luke Evangelista Kevin Bahl Philip Broberg
Last Minutes Defensive
Center Left Wing Right Wing Defense Defense
Noel Acciari Alexey Toropchenko Luke Evangelista Kevin Bahl Philip Broberg
Goaltenders
Starting : Jack Campbell
Backup : Matt Villalta
Extra Forwards
Normal : Will Cuylle, Parker Kelly, Max Jones - PP : Will Cuylle, Parker Kelly - PK : Max Jones
Extra Defensemen
Normal : Vladislav Kolyachonok, William Trudeau, Dylan McIlrath - PP : Vladislav Kolyachonok - PK : William Trudeau, Dylan McIlrath
Penalty Shots
Luke Evangelista, Noel Acciari, Alexey Toropchenko, Brett Seney, Carl Grundstrom
Abbotsford Heat
5 vs 5 Forward
Center Left Wing Right Wing Time % Phy DF OF
1 Alex Limoges Garnet Hathaway Denis Malgin 30 1 2 2
2 Benoit-Olivier Groulx Oskar Lindblom Bobby Brink 30 1 2 2
3 Lane Pederson Daniil Gushchin Ben Meyers 25 1 2 2
4 Ben Meyers Lucas Condotta Garnet Hathaway 15 1 2 2
5 vs 5 Defense
Defense Defense Time % Phy DF OF
1 Vincent Desharnais Daniil Miromanov 30 1 2 2
2 Vincent Iorio Ryan Merkley 30 1 2 2
3 Jack Thompson Wyatt Newpower 25 1 2 2
4 Vincent Desharnais Daniil Miromanov 15 1 2 2
PowerPlay Forward
Center Left Wing Right Wing Time % Phy DF OF
1 Alex Limoges Garnet Hathaway Denis Malgin 50 1 2 2
2 Benoit-Olivier Groulx Oskar Lindblom Bobby Brink 50 1 2 2
PowerPlay Defense
Defense Defense Time % Phy DF OF
1 Vincent Desharnais Daniil Miromanov 50 1 2 2
2 Vincent Iorio Ryan Merkley 50 1 2 2
Penalty Kill 4 Players Forward
Center Wing Time % Phy DF OF
1 Garnet Hathaway Denis Malgin 50 1 2 2
2 Oskar Lindblom Alex Limoges 50 1 2 2
Penalty Kill 4 Players Defense
Defense Defense Time % Phy DF OF
1 Vincent Desharnais Daniil Miromanov 50 1 2 2
2 Vincent Iorio Ryan Merkley 50 1 2 2
Penalty Kill - 3 Players Forward
Forward Time % Phy DF OF
1 Garnet Hathaway 50 1 2 2
2 Denis Malgin 50 1 2 2
Penalty Kill - 3 Players Defense
Defense Defense Time % Phy DF OF
1 Vincent Desharnais Daniil Miromanov 50 1 2 2
2 Vincent Iorio Ryan Merkley 50 1 2 2
4 vs 4 Forward
Center Wing Time % Phy DF OF
1 Garnet Hathaway Denis Malgin 50 1 2 2
2 Oskar Lindblom Alex Limoges 50 1 2 2
4 vs 4 Defense
Defense Defense Time % Phy DF OF
1 Vincent Desharnais Daniil Miromanov 50 1 2 2
2 Vincent Iorio Ryan Merkley 50 1 2 2
Last Minutes Offensive
Center Left Wing Right Wing Defense Defense
Alex Limoges Garnet Hathaway Denis Malgin Vincent Desharnais Daniil Miromanov
Last Minutes Defensive
Center Left Wing Right Wing Defense Defense
Alex Limoges Garnet Hathaway Denis Malgin Vincent Desharnais Daniil Miromanov
Goaltenders
Starting : Unknown Goalie
Backup : Unknown Goalie
Extra Forwards
Normal : Xavier Simoneau, Chaz Lucius, Lane Pederson - PP : Xavier Simoneau, Chaz Lucius - PK : Lane Pederson
Extra Defensemen
Normal : Jack Thompson, Wyatt Newpower, Vincent Iorio - PP : Jack Thompson - PK : Wyatt Newpower, Vincent Iorio
Penalty Shots
Garnet Hathaway, Denis Malgin, Oskar Lindblom, Alex Limoges, Benoit-Olivier Groulx
% Time on Ice - Cape Breton Oilers
Lines # - Real PCT - Wanted PCT - Time Play
Normal Forward
1 - 27% - 30% - 14:37
2 - 28% - 30% - 14:43
3 - 24% - 25% - 12:40
4 - 21% - 15% - 11:12
Normal Defense
1 - 28% - 30% - 14:42
2 - 31% - 30% - 16:45
3 - 29% - 25% - 15:18
4 - 12% - 15% - 6:27
PP Forward
1 - 60% - 50% - 1:12
2 - 40% - 50% - 0:48
PP Defense
1 - 53% - 50% - 1:04
2 - 47% - 50% - 0:56
PK Forward
1 - 53% - 50% - 2:33
2 - 47% - 50% - 2:15
PK Defense
1 - 60% - 50% - 2:53
2 - 40% - 50% - 1:55
PK3 Forward
1 - 0% - 50%
2 - 0% - 50%
PK3 Defense
1 - 0% - 50%
2 - 0% - 50%
44 Forward
1 - 0% - 50%
2 - 0% - 50%
44 Defense
1 - 0% - 50%
2 - 0% - 50%
Last Minute Offensive - 0:00
Last Minute Defensive - 0:00
Total
Forward - 60:00
Defense - 60:00
|
% Time on Ice - Abbotsford Heat
Lines # - Real PCT - Wanted PCT - Time Play
Normal Forward
1 - 29% - 30% - 15:29
2 - 31% - 30% - 16:14
3 - 26% - 25% - 13:52
4 - 14% - 15% - 7:37
Normal Defense
1 - 29% - 30% - 15:11
2 - 32% - 30% - 16:54
3 - 27% - 25% - 14:11
4 - 13% - 15% - 6:56
PP Forward
1 - 42% - 50% - 2:02
2 - 58% - 50% - 2:46
PP Defense
1 - 60% - 50% - 2:52
2 - 40% - 50% - 1:56
PK Forward
1 - 45% - 50% - 0:54
2 - 55% - 50% - 1:06
PK Defense
1 - 64% - 50% - 1:17
2 - 36% - 50% - 0:43
PK3 Forward
1 - 0% - 50%
2 - 0% - 50%
PK3 Defense
1 - 0% - 50%
2 - 0% - 50%
44 Forward
1 - 0% - 50%
2 - 0% - 50%
44 Defense
1 - 0% - 50%
2 - 0% - 50%
Last Minute Offensive - 0:00
Last Minute Defensive - 0:00
Total
Forward - 60:00
Defense - 60:00
|
Play-by-Play
1st period
0:01 of 1st period - Noel Acciari wins face-off versus Garnet Hathaway in neutral zone.
0:03 of 1st period - Off-side.
0:04 of 1st period - Alex Limoges wins face-off versus Noel Acciari in neutral zone.
0:07 of 1st period - Slapshot by Garnet Hathaway.
0:07 of 1st period - Shot Misses the Net.
0:13 of 1st period - Snap shot by Noel Acciari.
0:13 of 1st period - Deflect By Luke Evangelista.
0:13 of 1st period - Stopped by Unknown Goalie with a rebound.
0:15 of 1st period - Slapshot by Luke Evangelista.
0:15 of 1st period - Stopped by Unknown Goalie with a rebound.
0:17 of 1st period - Slapshot by Noel Acciari.
0:17 of 1st period - Stopped by Unknown Goalie with a rebound.
0:19 of 1st period - Slapshot by Alexey Toropchenko.
0:19 of 1st period - Shot Misses the Net.
0:37 of 1st period - Wrist shot by Bobby Brink.
0:37 of 1st period - Stopped by Jack Campbell without a rebound.
0:38 of 1st period - Parker Kelly wins face-off versus Daniil Gushchin in Cape Breton Oilers zone.
1:10 of 1st period - Off-side.
1:11 of 1st period - Brett Seney wins face-off versus Lucas Condotta in neutral zone.
1:45 of 1st period - Backhand shot by Will Cuylle.
1:45 of 1st period - Shot Misses the Net.
1:47 of 1st period - Snap shot by Max Jones.
1:47 of 1st period - Shot Blocked by Vincent Desharnais.
1:49 of 1st period - Snap shot by Parker Kelly.
1:49 of 1st period - Shot Misses the Net.
1:59 of 1st period - Noel Acciari is hit by Oskar Lindblom and loses puck.
2:34 of 1st period - Icing by Kevin Bahl.
2:35 of 1st period - Benoit-Olivier Groulx wins face-off versus Sam Carrick in Cape Breton Oilers zone.
2:40 of 1st period - Wrist shot by Bobby Brink.
2:40 of 1st period - Shot Misses the Net.
2:42 of 1st period - Slapshot by Daniil Miromanov.
2:42 of 1st period - Shot Misses the Net.
2:44 of 1st period - Slapshot by Vincent Desharnais.
2:44 of 1st period - Shot Blocked by Jonah Gadjovich.
2:46 of 1st period - Snap shot by Oskar Lindblom.
2:46 of 1st period - Deflect By Philip Broberg.
2:46 of 1st period - Shot Misses the Net.
2:46 of 1st period - Puck is out of play.
2:47 of 1st period - Brett Seney wins face-off versus Alex Limoges in Cape Breton Oilers zone.
2:58 of 1st period - Wrist shot by Denis Malgin.
2:58 of 1st period - Stopped by Jack Campbell with a rebound.
3:00 of 1st period - Snap shot by Alex Limoges.
3:00 of 1st period - Shot Blocked by Dylan McIlrath.
3:02 of 1st period - Snap shot by Garnet Hathaway.
3:02 of 1st period - Stopped by Jack Campbell without a rebound.
3:03 of 1st period - Parker Kelly wins face-off versus Lane Pederson in Cape Breton Oilers zone.
3:03 of 1st period - Parker Kelly is hit by Lane Pederson.
3:59 of 1st period - Snap shot by Bobby Brink.
3:59 of 1st period - Shot Misses the Net.
4:16 of 1st period - Icing by Dylan McIlrath.
4:17 of 1st period - Sam Carrick wins face-off versus Benoit-Olivier Groulx in Cape Breton Oilers zone.
4:24 of 1st period - Dylan McIlrath is hit by Benoit-Olivier Groulx and loses puck.
4:35 of 1st period - Bobby Brink is hit by Jonah Gadjovich and loses puck.
5:12 of 1st period - Wrist shot by Jonah Gadjovich.
5:12 of 1st period - Stopped by Unknown Goalie without a rebound.
5:13 of 1st period - Brett Seney wins face-off versus Lane Pederson in Abbotsford Heat zone.
5:16 of 1st period - Wrist shot by Carl Grundstrom.
5:16 of 1st period - Shot Misses the Net.
5:39 of 1st period - Noel Acciari is hit by Garnet Hathaway and loses puck.
6:56 of 1st period - Icing by Bobby Brink.
6:57 of 1st period - Sam Carrick wins face-off versus Ben Meyers in Abbotsford Heat zone.
7:15 of 1st period - Slapshot by Oskar Lindblom.
7:15 of 1st period - Shot Blocked by Vladislav Kolyachonok.
7:17 of 1st period - Snap shot by Oskar Lindblom.
7:17 of 1st period - Stopped by Jack Campbell with a rebound.
7:27 of 1st period - Denis Malgin is hit by William Trudeau and loses puck.
8:55 of 1st period - Snap shot by Jonah Gadjovich.
8:55 of 1st period - Stopped by Unknown Goalie with a rebound.
8:57 of 1st period - Wrist shot by Kevin Bahl.
8:57 of 1st period - Deflect By Daniil Miromanov.
8:57 of 1st period - Stopped by Unknown Goalie with a rebound.
11:14 of 1st period - Oskar Lindblom is hit by Jonah Gadjovich and loses puck.
11:38 of 1st period - Jack Thompson is hit by Noel Acciari and loses puck.
11:47 of 1st period - Noel Acciari is hit by Wyatt Newpower.
11:56 of 1st period - Icing by Jack Thompson.
11:57 of 1st period - Alex Limoges wins face-off versus Carl Grundstrom in Abbotsford Heat zone.
12:22 of 1st period - Snap shot by Lane Pederson.
12:22 of 1st period - Shot Blocked by Leon Gawanke.
12:24 of 1st period - Snap shot by Jack Thompson.
12:24 of 1st period - Stopped by Jack Campbell with a rebound.
12:26 of 1st period - Wrist shot by Lane Pederson.
12:26 of 1st period - Goal by Lane Pederson - Cape Breton Oilers : 0 - Abbotsford Heat : 1.
12:27 of 1st period - Parker Kelly wins face-off versus Ben Meyers in neutral zone.
12:43 of 1st period - Minor Penalty to Lucas Condotta for Hooking.
12:44 of 1st period - Alexey Toropchenko wins face-off versus Garnet Hathaway in Abbotsford Heat zone.
13:15 of 1st period - Snap shot by Alexey Toropchenko.
13:15 of 1st period - Shot Blocked by Vincent Desharnais.
13:25 of 1st period - Wrist shot by Luke Evangelista.
13:25 of 1st period - Shot Blocked by Daniil Miromanov.
13:27 of 1st period - Snap shot by Kevin Bahl.
13:27 of 1st period - Shot Misses the Net.
13:29 of 1st period - Snap shot by Alexey Toropchenko.
13:29 of 1st period - Shot Blocked by Alex Limoges.
13:31 of 1st period - Slapshot by Noel Acciari.
13:31 of 1st period - Deflect By Luke Evangelista.
13:31 of 1st period - Shot Blocked by Vincent Desharnais.
13:31 of 1st period - Puck is out of play.
13:32 of 1st period - Garnet Hathaway wins face-off versus Brett Seney in Abbotsford Heat zone.
14:43 of 1st period - Penalty to Lucas Condotta is over, Lucas Condotta is back on ice.
14:54 of 1st period - Snap shot by Sam Carrick.
14:54 of 1st period - Shot Blocked by Lane Pederson.
15:23 of 1st period - Ben Meyers is hit by Parker Kelly and loses puck.
16:02 of 1st period - Carl Grundstrom is hit by Vincent Desharnais and loses puck.
16:36 of 1st period - Snap shot by Jonah Gadjovich.
16:36 of 1st period - Stopped by Unknown Goalie with a rebound.
17:20 of 1st period - Alex Limoges is hit by Sam Carrick and loses puck.
18:11 of 1st period - Philip Broberg is hit by Ben Meyers and loses puck.
18:40 of 1st period - Ben Meyers is hit by Alexey Toropchenko and loses puck.
18:45 of 1st period - Snap shot by Luke Evangelista.
18:45 of 1st period - Shot Blocked by Garnet Hathaway.
19:20 of 1st period - Snap shot by Carl Grundstrom.
19:20 of 1st period - Shot Misses the Net.
19:32 of 1st period - Snap shot by Denis Malgin.
19:32 of 1st period - Stopped by Jack Campbell with a rebound.
19:34 of 1st period - Wrist shot by Denis Malgin.
19:34 of 1st period - Stopped by Jack Campbell with a rebound.
19:36 of 1st period - Snap shot by Alex Limoges.
19:36 of 1st period - Shot Misses the Net.
Goals for this period are 0 for Cape Breton Oilers vs 1 for Abbotsford Heat.
Shots for this period are 7 for Cape Breton Oilers vs 8 for Abbotsford Heat.
2nd period
0:01 of 2nd period - Brett Seney wins face-off versus Alex Limoges in neutral zone.
0:03 of 2nd period - Off-side.
0:04 of 2nd period - Alex Limoges wins face-off versus Brett Seney in neutral zone.
0:09 of 2nd period - Wrist shot by Garnet Hathaway.
0:09 of 2nd period - Stopped by Jack Campbell with a rebound.
0:16 of 2nd period - Icing by Carl Grundstrom.
0:17 of 2nd period - Alex Limoges wins face-off versus Brett Seney in Cape Breton Oilers zone.
0:25 of 2nd period - Off-side.
0:26 of 2nd period - Noel Acciari wins face-off versus Alex Limoges in neutral zone.
0:29 of 2nd period - Daniil Miromanov is hit by Alexey Toropchenko and loses puck.
0:34 of 2nd period - Slapshot by Luke Evangelista.
0:34 of 2nd period - Stopped by Unknown Goalie with a rebound.
0:36 of 2nd period - Snap shot by Noel Acciari.
0:36 of 2nd period - Stopped by Unknown Goalie with a rebound.
0:38 of 2nd period - Snap shot by Alexey Toropchenko.
0:38 of 2nd period - Deflect By Luke Evangelista.
0:38 of 2nd period - Stopped by Unknown Goalie without a rebound.
0:39 of 2nd period - Alex Limoges wins face-off versus Brett Seney in Abbotsford Heat zone.
0:48 of 2nd period - Icing by Carl Grundstrom.
0:49 of 2nd period - Brett Seney wins face-off versus Alex Limoges in Cape Breton Oilers zone.
2:09 of 2nd period - Slapshot by Garnet Hathaway.
2:09 of 2nd period - Stopped by Jack Campbell without a rebound.
2:10 of 2nd period - Noel Acciari wins face-off versus Benoit-Olivier Groulx in Cape Breton Oilers zone.
2:44 of 2nd period - Snap shot by Oskar Lindblom.
2:44 of 2nd period - Stopped by Jack Campbell with a rebound.
2:46 of 2nd period - Wrist shot by Bobby Brink.
2:46 of 2nd period - Stopped by Jack Campbell with a rebound.
2:48 of 2nd period - Wrist shot by Oskar Lindblom.
2:48 of 2nd period - Shot Misses the Net.
2:50 of 2nd period - Wrist shot by Benoit-Olivier Groulx.
2:50 of 2nd period - Shot Misses the Net.
2:52 of 2nd period - Snap shot by Bobby Brink.
2:52 of 2nd period - Stopped by Jack Campbell without a rebound.
2:53 of 2nd period - Lane Pederson wins face-off versus Noel Acciari in Cape Breton Oilers zone.
2:58 of 2nd period - Snap shot by Daniil Gushchin.
2:58 of 2nd period - Shot Misses the Net.
3:00 of 2nd period - Slapshot by Ben Meyers.
3:00 of 2nd period - Shot Misses the Net.
3:02 of 2nd period - Snap shot by Lane Pederson.
3:02 of 2nd period - Deflect By Ben Meyers.
3:02 of 2nd period - Goal by Ben Meyers - Cape Breton Oilers : 0 - Abbotsford Heat : 2.
3:03 of 2nd period - Ben Meyers wins face-off versus Alexey Toropchenko in neutral zone.
3:16 of 2nd period - Snap shot by Lane Pederson.
3:16 of 2nd period - Shot Misses the Net.
3:18 of 2nd period - Snap shot by Lane Pederson.
3:18 of 2nd period - Deflect By Daniil Gushchin.
3:18 of 2nd period - Stopped by Jack Campbell without a rebound.
3:19 of 2nd period - Parker Kelly wins face-off versus Benoit-Olivier Groulx in Cape Breton Oilers zone.
3:32 of 2nd period - Snap shot by Oskar Lindblom.
3:32 of 2nd period - Shot Misses the Net.
3:38 of 2nd period - Kevin Bahl is hit by Oskar Lindblom and loses puck.
3:56 of 2nd period - Snap shot by Bobby Brink.
3:56 of 2nd period - Stopped by Jack Campbell with a rebound.
4:10 of 2nd period - Slapshot by Parker Kelly.
4:10 of 2nd period - Goal by Parker Kelly - Cape Breton Oilers : 1 - Abbotsford Heat : 2.
4:11 of 2nd period - Lucas Condotta wins face-off versus Noel Acciari in neutral zone.
5:33 of 2nd period - Snap shot by Oskar Lindblom.
5:33 of 2nd period - Deflect By Bobby Brink.
5:33 of 2nd period - Stopped by Jack Campbell with a rebound.
5:43 of 2nd period - Snap shot by Parker Kelly.
5:43 of 2nd period - Deflect By Daniil Miromanov.
5:43 of 2nd period - Stopped by Unknown Goalie with a rebound.
5:45 of 2nd period - Slapshot by Philip Broberg.
5:45 of 2nd period - Shot Blocked by Vincent Desharnais.
6:45 of 2nd period - Snap shot by Jonah Gadjovich.
6:45 of 2nd period - Deflect By Sam Carrick.
6:45 of 2nd period - Stopped by Unknown Goalie with a rebound.
7:25 of 2nd period - Snap shot by Brett Seney.
7:25 of 2nd period - Stopped by Unknown Goalie with a rebound.
8:36 of 2nd period - Brett Seney is hit by Xavier Simoneau and loses puck.
9:36 of 2nd period - Icing by Vincent Iorio.
9:37 of 2nd period - Alex Limoges wins face-off versus Luke Evangelista in Abbotsford Heat zone.
9:44 of 2nd period - Snap shot by Luke Evangelista.
9:44 of 2nd period - Stopped by Unknown Goalie without a rebound.
9:45 of 2nd period - Noel Acciari wins face-off versus Lane Pederson in Abbotsford Heat zone.
10:10 of 2nd period - Wrist shot by Brett Seney.
10:10 of 2nd period - Deflect By Daniil Miromanov.
10:10 of 2nd period - Shot Misses the Net.
10:10 of 2nd period - Puck is out of play.
10:11 of 2nd period - Alex Limoges wins face-off versus Brett Seney in Abbotsford Heat zone.
10:20 of 2nd period - Wrist shot by Denis Malgin.
10:20 of 2nd period - Shot Hit the Post.
10:22 of 2nd period - Snap shot by Alex Limoges.
10:22 of 2nd period - Shot Misses the Net.
10:41 of 2nd period - Wrist shot by Benoit-Olivier Groulx.
10:41 of 2nd period - Stopped by Jack Campbell with a rebound.
10:43 of 2nd period - Slapshot by Oskar Lindblom.
10:43 of 2nd period - Shot Misses the Net.
10:45 of 2nd period - Slapshot by Daniil Miromanov.
10:45 of 2nd period - Shot Misses the Net.
10:59 of 2nd period - Snap shot by Philip Broberg.
10:59 of 2nd period - Stopped by Unknown Goalie with a rebound.
11:01 of 2nd period - Slapshot by Philip Broberg.
11:01 of 2nd period - Shot Misses the Net.
11:03 of 2nd period - Wrist shot by Max Jones.
11:03 of 2nd period - Stopped by Unknown Goalie with a rebound.
11:05 of 2nd period - Backhand shot by Philip Broberg.
11:05 of 2nd period - Goal by Philip Broberg - Cape Breton Oilers : 2 - Abbotsford Heat : 2.
11:06 of 2nd period - Noel Acciari wins face-off versus Lane Pederson in neutral zone.
11:48 of 2nd period - Parker Kelly is hit by Ryan Merkley and loses puck.
12:03 of 2nd period - Wrist shot by Bobby Brink.
12:03 of 2nd period - Shot Misses the Net.
12:12 of 2nd period - Off-side.
12:13 of 2nd period - Brett Seney wins face-off versus Lane Pederson in neutral zone.
12:18 of 2nd period - Snap shot by Lane Pederson.
12:18 of 2nd period - Stopped by Jack Campbell with a rebound.
12:26 of 2nd period - Snap shot by Ben Meyers.
12:26 of 2nd period - Stopped by Jack Campbell without a rebound.
12:27 of 2nd period - Benoit-Olivier Groulx wins face-off versus Luke Evangelista in Cape Breton Oilers zone.
12:38 of 2nd period - Snap shot by Oskar Lindblom.
12:38 of 2nd period - Shot Blocked by Kevin Bahl.
12:40 of 2nd period - Wrist shot by Benoit-Olivier Groulx.
12:40 of 2nd period - Shot Blocked by Philip Broberg.
12:42 of 2nd period - Snap shot by Benoit-Olivier Groulx.
12:42 of 2nd period - Stopped by Jack Campbell without a rebound.
12:43 of 2nd period - Brett Seney wins face-off versus Ben Meyers in Cape Breton Oilers zone.
12:48 of 2nd period - Slapshot by Brett Seney.
12:48 of 2nd period - Goal by Brett Seney - Cape Breton Oilers : 3 - Abbotsford Heat : 2.
12:49 of 2nd period - Brett Seney wins face-off versus Lucas Condotta in neutral zone.
13:23 of 2nd period - Slapshot by Bobby Brink.
13:23 of 2nd period - Shot Misses the Net.
13:51 of 2nd period - Snap shot by Will Cuylle.
13:51 of 2nd period - Shot Misses the Net.
13:54 of 2nd period - Icing by Ryan Merkley.
13:55 of 2nd period - Brett Seney wins face-off versus Alex Limoges in Abbotsford Heat zone.
14:08 of 2nd period - Snap shot by Denis Malgin.
14:08 of 2nd period - Stopped by Jack Campbell with a rebound.
14:24 of 2nd period - Luke Evangelista is hit by Wyatt Newpower.
15:34 of 2nd period - Off-side.
15:35 of 2nd period - Noel Acciari wins face-off versus Lane Pederson in neutral zone.
15:42 of 2nd period - Noel Acciari is hit by Lane Pederson and loses puck.
15:47 of 2nd period - Snap shot by Daniil Gushchin.
15:47 of 2nd period - Shot Misses the Net.
16:30 of 2nd period - Slapshot by Matt Luff.
16:30 of 2nd period - Stopped by Unknown Goalie with a rebound.
16:32 of 2nd period - Backhand shot by Philip Broberg.
16:32 of 2nd period - Deflect By Oskar Lindblom.
16:32 of 2nd period - Stopped by Unknown Goalie without a rebound.
16:33 of 2nd period - Lane Pederson wins face-off versus Noel Acciari in Abbotsford Heat zone.
16:58 of 2nd period - Garnet Hathaway is hit by Brett Seney and loses puck.
17:07 of 2nd period - Slapshot by Brett Seney.
17:07 of 2nd period - Stopped by Unknown Goalie with a rebound.
17:16 of 2nd period - Icing by Hudson Fasching.
17:17 of 2nd period - Bobby Brink wins face-off versus Parker Kelly in Cape Breton Oilers zone.
17:33 of 2nd period - Snap shot by Benoit-Olivier Groulx.
17:33 of 2nd period - Stopped by Jack Campbell with a rebound.
17:55 of 2nd period - Backhand shot by Brett Seney.
17:55 of 2nd period - Stopped by Unknown Goalie with a rebound.
17:57 of 2nd period - Slapshot by Kevin Bahl.
17:57 of 2nd period - Shot Blocked by Garnet Hathaway.
18:37 of 2nd period - Wrist shot by Leon Gawanke.
18:37 of 2nd period - Shot Blocked by Benoit-Olivier Groulx.
18:55 of 2nd period - Will Cuylle is hit by Garnet Hathaway and loses puck.
19:39 of 2nd period - Kevin Bahl is hit by Bobby Brink and loses puck.
19:59 of 2nd period - Minor Penalty to Sam Carrick for Hooking.
Goals for this period are 3 for Cape Breton Oilers vs 1 for Abbotsford Heat.
Shots for this period are 16 for Cape Breton Oilers vs 15 for Abbotsford Heat.
Goals for this period are 3 for Cape Breton Oilers vs 1 for Abbotsford Heat.
Shots for this period are 16 for Cape Breton Oilers vs 15 for Abbotsford Heat.
3rd period
0:01 of 3rd period - Alex Limoges wins face-off versus Luke Evangelista in neutral zone.
0:40 of 3rd period - Wrist shot by Garnet Hathaway.
0:40 of 3rd period - Shot Misses the Net.
0:58 of 3rd period - Noel Acciari is hit by Garnet Hathaway.
1:59 of 3rd period - Penalty to Sam Carrick is over, Sam Carrick is back on ice.
2:12 of 3rd period - Wrist shot by Lane Pederson.
2:12 of 3rd period - Stopped by Jack Campbell with a rebound.
2:30 of 3rd period - Slapshot by Max Jones.
2:30 of 3rd period - Stopped by Unknown Goalie with a rebound.
2:34 of 3rd period - Snap shot by Will Cuylle.
2:34 of 3rd period - Shot Blocked by Wyatt Newpower.
2:36 of 3rd period - Slapshot by Dylan McIlrath.
2:36 of 3rd period - Stopped by Unknown Goalie with a rebound.
2:38 of 3rd period - Snap shot by Will Cuylle.
2:38 of 3rd period - Deflect By Max Jones.
2:38 of 3rd period - Stopped by Unknown Goalie with a rebound.
2:40 of 3rd period - Snap shot by Sam Carrick.
2:40 of 3rd period - Shot Misses the Net.
2:42 of 3rd period - Slapshot by Dylan McIlrath.
2:42 of 3rd period - Shot Misses the Net.
2:44 of 3rd period - Slapshot by Dylan McIlrath.
2:44 of 3rd period - Shot Blocked by Garnet Hathaway.
2:46 of 3rd period - Slapshot by Dylan McIlrath.
2:46 of 3rd period - Shot Misses the Net.
2:48 of 3rd period - Slapshot by Leon Gawanke.
2:48 of 3rd period - Stopped by Unknown Goalie with a rebound.
2:50 of 3rd period - Slapshot by Dylan McIlrath.
2:50 of 3rd period - Deflect By Ben Meyers.
2:50 of 3rd period - Stopped by Unknown Goalie with a rebound.
2:52 of 3rd period - Snap shot by Will Cuylle.
2:52 of 3rd period - Goal by Will Cuylle - Cape Breton Oilers : 4 - Abbotsford Heat : 2.
2:53 of 3rd period - Noel Acciari wins face-off versus Benoit-Olivier Groulx in neutral zone.
2:59 of 3rd period - Minor Penalty to Vincent Desharnais for Roughing.
3:00 of 3rd period - Brett Seney wins face-off versus Oskar Lindblom in Abbotsford Heat zone.
3:00 of 3rd period - Snap shot by Hudson Fasching.
3:00 of 3rd period - Goal by Hudson Fasching - Cape Breton Oilers : 5 - Abbotsford Heat : 2.
3:01 of 3rd period - Noel Acciari wins face-off versus Alex Limoges in neutral zone.
3:26 of 3rd period - Kevin Bahl is hit by Bobby Brink and loses puck.
3:55 of 3rd period - Snap shot by Lane Pederson.
3:55 of 3rd period - Shot Misses the Net.
3:57 of 3rd period - Wrist shot by Ben Meyers.
3:57 of 3rd period - Shot Misses the Net.
3:59 of 3rd period - Slapshot by Vincent Iorio.
3:59 of 3rd period - Stopped by Jack Campbell with a rebound.
4:09 of 3rd period - Snap shot by Matt Luff.
4:09 of 3rd period - Stopped by Unknown Goalie with a rebound.
4:11 of 3rd period - Slapshot by Philip Broberg.
4:11 of 3rd period - Stopped by Unknown Goalie with a rebound.
4:13 of 3rd period - Snap shot by Matt Luff.
4:13 of 3rd period - Deflect By Ryan Merkley.
4:13 of 3rd period - Stopped by Unknown Goalie without a rebound.
4:14 of 3rd period - Benoit-Olivier Groulx wins face-off versus Sam Carrick in Abbotsford Heat zone.
4:25 of 3rd period - Snap shot by Matt Luff.
4:25 of 3rd period - Stopped by Unknown Goalie with a rebound.
4:39 of 3rd period - Noel Acciari is hit by Wyatt Newpower and loses puck.
5:56 of 3rd period - Snap shot by Garnet Hathaway.
5:56 of 3rd period - Stopped by Jack Campbell with a rebound.
6:12 of 3rd period - Daniil Miromanov is hit by Parker Kelly and loses puck.
6:46 of 3rd period - Snap shot by Alexey Toropchenko.
6:46 of 3rd period - Shot Blocked by Jack Thompson.
7:05 of 3rd period - Off-side.
7:06 of 3rd period - Benoit-Olivier Groulx wins face-off versus Sam Carrick in neutral zone.
7:15 of 3rd period - Slapshot by Matt Luff.
7:15 of 3rd period - Deflect By Sam Carrick.
7:15 of 3rd period - Stopped by Unknown Goalie without a rebound.
7:16 of 3rd period - Alex Limoges wins face-off versus Noel Acciari in Abbotsford Heat zone.
7:31 of 3rd period - Wrist shot by Denis Malgin.
7:31 of 3rd period - Stopped by Jack Campbell with a rebound.
7:49 of 3rd period - Slapshot by Will Cuylle.
7:49 of 3rd period - Shot Misses the Net.
7:51 of 3rd period - Backhand shot by Kevin Bahl.
7:51 of 3rd period - Stopped by Unknown Goalie with a rebound.
8:01 of 3rd period - Hudson Fasching is hit by Ben Meyers and loses puck.
8:10 of 3rd period - Ben Meyers is hit by Hudson Fasching and loses puck.
8:23 of 3rd period - Slapshot by Denis Malgin.
8:23 of 3rd period - Shot Blocked by William Trudeau.
8:46 of 3rd period - Bobby Brink is hit by William Trudeau and loses puck.
9:23 of 3rd period - Garnet Hathaway is hit by Dylan McIlrath and loses puck.
10:08 of 3rd period - Snap shot by Luke Evangelista.
10:08 of 3rd period - Goal by Luke Evangelista - Cape Breton Oilers : 6 - Abbotsford Heat : 2.
10:09 of 3rd period - Noel Acciari wins face-off versus Benoit-Olivier Groulx in neutral zone.
10:14 of 3rd period - Snap shot by Noel Acciari.
10:14 of 3rd period - Shot Misses the Net.
10:34 of 3rd period - Ben Meyers is hit by Kevin Bahl and loses puck.
10:41 of 3rd period - Snap shot by Lucas Condotta.
10:41 of 3rd period - Deflect By Ben Meyers.
10:41 of 3rd period - Stopped by Jack Campbell with a rebound.
10:43 of 3rd period - Snap shot by Vincent Iorio.
10:43 of 3rd period - Deflect By Ben Meyers.
10:43 of 3rd period - Shot Misses the Net.
10:43 of 3rd period - Puck is out of play.
10:44 of 3rd period - Noel Acciari wins face-off versus Ben Meyers in Cape Breton Oilers zone.
10:51 of 3rd period - Ben Meyers is hit by William Trudeau and loses puck.
11:18 of 3rd period - Snap shot by Bobby Brink.
11:18 of 3rd period - Shot Blocked by William Trudeau.
11:20 of 3rd period - Slapshot by Ryan Merkley.
11:20 of 3rd period - Shot Blocked by William Trudeau.
12:02 of 3rd period - Minor Penalty to Sam Carrick for Hooking.
12:03 of 3rd period - Benoit-Olivier Groulx wins face-off versus Luke Evangelista in Cape Breton Oilers zone.
14:02 of 3rd period - Penalty to Sam Carrick is over, Sam Carrick is back on ice.
14:10 of 3rd period - Jonah Gadjovich is hit by Ben Meyers and loses puck.
15:06 of 3rd period - Slapshot by Brett Seney.
15:06 of 3rd period - Stopped by Unknown Goalie with a rebound.
16:14 of 3rd period - Kevin Bahl is hit by Alex Limoges.
16:39 of 3rd period - Denis Malgin is hit by Will Cuylle and loses puck.
17:09 of 3rd period - Wyatt Newpower is hit by Leon Gawanke.
17:25 of 3rd period - Oskar Lindblom is hit by Jonah Gadjovich and loses puck.
17:34 of 3rd period - Slapshot by Sam Carrick.
17:34 of 3rd period - Stopped by Unknown Goalie with a rebound.
17:59 of 3rd period - Daniil Miromanov is hit by Luke Evangelista and loses puck.
18:37 of 3rd period - Xavier Simoneau is hit by Parker Kelly and loses puck.
18:50 of 3rd period - Vladislav Kolyachonok is hit by Chaz Lucius and loses puck.
18:57 of 3rd period - Chaz Lucius is hit by Jonah Gadjovich and loses puck.
19:05 of 3rd period - Minor Penalty to Sam Carrick for Roughing.
19:06 of 3rd period - Benoit-Olivier Groulx wins face-off versus Luke Evangelista in Cape Breton Oilers zone.
19:24 of 3rd period - Philip Broberg is hit by Bobby Brink.
19:40 of 3rd period - Luke Evangelista is hit by Daniil Miromanov and loses puck.
19:49 of 3rd period - Snap shot by Bobby Brink.
19:49 of 3rd period - Stopped by Jack Campbell with a rebound.
19:53 of 3rd period - Snap shot by Bobby Brink.
19:53 of 3rd period - Stopped by Jack Campbell with a rebound.
19:55 of 3rd period - Wrist shot by Oskar Lindblom.
19:55 of 3rd period - Goal by Oskar Lindblom - Cape Breton Oilers : 6 - Abbotsford Heat : 3.
19:56 of 3rd period - Noel Acciari wins face-off versus Alex Limoges in neutral zone.
Goals for this period are 3 for Cape Breton Oilers vs 1 for Abbotsford Heat.
Shots for this period are 16 for Cape Breton Oilers vs 8 for Abbotsford Heat.
Back to the Top